 Dungeon Crawl Stone Soup version 0.29.1-1-gd02db6906a (webtiles) character file.

Game seed: 5449704525261225424

312 GigaChad the Cudgeller (level 6, -2/53 HPs)
             Began as a Minotaur Fighter on Oct 14, 2022.
             Killed from afar by an orc wizard (7 damage)
             ... with a magic dart
             ... on level 3 of the Dungeon.
             The game lasted 00:05:32 (2133 turns).

GigaChad the Cudgeller (Minotaur Fighter)           Turns: 2133, Time: 00:05:33

Health: -2/53      AC:  9    Str: 22    XL:     6   Next: 18%
Magic:  5/5        EV:  7    Int:  5    God:
Gold:   62         SH:  4    Dex: 10    Spells: 5/5 levels left

rFire   . . .      SeeInvis .   a - +0 flail
rCold   . . .      Faith    .   c - +0 buckler
rNeg    . . .      Spirit   .   k - +0 chain mail
rPois   .          Reflect  .   (helmet restricted)
rElec   .          Harm     .   (no cloak)
rCorr   .          Rampage  .   (no gloves)
Will    .....                   (no boots)
Stlth   ..........              (no amulet)
HPRegen 0.17/turn               (no ring)
MPRegen 0.09/turn               (no ring)

@: no status effects
A: horns 2, retaliatory headbutt
a: no special abilities


You were on level 3 of the Dungeon.
You visited 1 branch of the dungeon, and saw 3 of its levels.

You collected 62 gold pieces.

Inventory:

Hand Weapons
 a - a +0 flail (weapon)
 o - a +0 vampiric scythe
Armour
 b - a +0 scale mail
 c - a +0 buckler (worn)
 k - a +0 chain mail (worn)
Scrolls
 e - 3 scrolls of identify {unknown}
 f - a scroll of amnesia {unknown}
 h - a scroll of teleportation {unknown}
 l - a scroll of magic mapping {unknown}
Potions
 d - a potion of might
 g - a potion of heal wounds {unknown}
 i - a potion of berserk rage {unknown}
 j - a potion of curing {unknown}
 m - a potion of flight {unknown}
 n - a potion of lignification {unknown}
 p - 2 potions of haste {unknown}


   Skills:
 + Level 4.7 Fighting
 + Level 5.5 Maces & Flails
 + Level 4.9 Armour
 + Level 0.7 Dodging
 + Level 0.1 Stealth
 + Level 4.6 Shields


You had 5 spell levels left.
You didn't know any spells.
Your spell library contained the following spells:

 Spells                   Type           Power      Damage    Failure   Level
 Static Discharge         Conj/Air       0%         3-3/arc   100%        2
 Dispel Undead            Necr           0%         3d6       100%        4
 Sticky Flame             Conj/Fire      0%         2d3       100%        4


Dungeon Overview and Level Annotations

Branches:
Dungeon (3/15)

Altars:
Ru


Innate Abilities, Weirdness & Mutations

You have a pair of horns on your head.
You reflexively headbutt those who attack you in melee.


Message History

You closely miss the goblin.
The goblin hits you but does no damage. x2
You barely miss the goblin. Your headbutt misses the goblin.
An orc wizard appears from thin air!
Reactivating autopickup.
The goblin hits you with a +0 club.
* * * LOW HITPOINT WARNING * * *
You closely miss the goblin. Your headbutt misses the goblin.
The goblin hits you but does no damage.
You barely miss the goblin. You headbutt the goblin.
You kill the goblin!
You closely miss the orc wizard.
The orc wizard hits you but does no damage.
You closely miss the orc wizard.
The orc wizard hits you but does no damage.
You hit the orc wizard.
The orc wizard is moderately wounded.
The orc wizard hits you but does no damage.
You hit the orc wizard.
The orc wizard is moderately wounded.
The orc wizard casts a spell at you. You resist with some effort.
The orc wizard hits you but does no damage.
You barely miss the orc wizard.
The orc wizard is moderately wounded.
The orc wizard hits you but does no damage.
You closely miss the orc wizard.
The orc wizard is moderately wounded.
The orc wizard closely misses you.
You miss the orc wizard. Your headbutt misses the orc wizard.
The orc wizard is moderately wounded.
The orc wizard hits you but does no damage.
You barely miss the orc wizard.
The orc wizard is moderately wounded.
The orc wizard points at you and mumbles some strange words.
The magic dart hits you but does no damage.
You closely miss the orc wizard. Your headbutt misses the orc wizard.
The orc wizard is moderately wounded.
The orc wizard points at you and mumbles some strange words.
The magic dart hits you!
You die...

#......#......>..#
#......#.........#
#................#
#........[.......#
#.........)......#
#................#
######.)#+####.###
####..# #.#
#@o...# ###.#####
#.##.## #........
#.##... #........
#.###### #........
#+# #..†.....
###'##### #.#
#########'###
+...........#


You could see an orc wizard.

Vanquished Creatures
  Sigmund (D:2)
  Jessica (D:2)
  An orc wizard (D:3)
  4 adders
  4 dart slugs
  2 orcs (D:3)
  6 ball pythons
  4 endoplasms
  4 hobgoblins
  6 kobolds
  3 quokkas
  5 bats
  3 frilled lizards (D:2)
  5 goblins
  5 rats
  A spectral goblin (D:1)
55 creatures vanquished.

Notes
Turn   | Place    | Note
-------+----------+-------------------------------------------
     0 | D:1      | GigaChad the Minotaur Fighter began the quest for the Orb.
     0 | D:1      | Reached XP level 1. HP: 19/19 MP: 0/0
   128 | D:1      | Found a faded altar of an unknown god.
   158 | D:1      | Reached XP level 2. HP: 27/27 MP: 1/1
   370 | D:1      | Reached skill level 3 in Maces & Flails
   514 | D:2      | Reached XP level 3. HP: 33/33 MP: 2/2
   811 | D:2      | Noticed Jessica
   819 | D:2      | Killed Jessica
   831 | D:2      | Reached XP level 4. HP: 30/40 MP: 3/3
  1518 | D:2      | Noticed Sigmund
  1538 | D:2      | Killed Sigmund
  1539 | D:2      | Reached skill level 5 in Maces & Flails
  1539 | D:2      | Reached XP level 5. HP: 11/47 MP: 4/4
  1946 | D:3      | Found a sacrificial altar of Ru.
  2047 | D:3      | Reached XP level 6. HP: 51/53 MP: 5/5
  2122 | D:3      | HP: 2/53 [goblin/+0 club (2)]
  2133 | D:3      | Killed from afar by an orc wizard

Illustrated notes

Levels and vault maps discovered:
D:1:      reono_arrival_mine, layout_basic,
          dreamdust_ecumenical_altar_drowned_temple
D:2:      layout_basic, minivault_23, nicolae_titane, uniq_sigmund, uniq_jessica
D:3:      layout_basic, nicolae_ru_sacrificial_ziggurat, minmay_misc_feat_chi

Skill      XL: |  1  2  3  4 |
---------------+-------------+-----
Armour         | 4 |  4.9
Shields        | 4 |  4.6
Fighting       | 4 |  4.7
Maces & Flails | 3 5 |  5.5
Dodging        | |  0.7
Stealth        | |  0.1

Action                   |  1- 3 |  4- 6 || total
-------------------------+-------+-------++-------
Melee: Flail             |    65 |    74 ||   139
       Headbutt          |     3 |    11 ||    14
  Use: Scroll            |     1 |       ||     1
Armor: Scale mail        |    26 |       ||    26
       Chain mail        |    20 |    88 ||   108
Dodge: Dodged            |    54 |    24 ||    78
Block: Buckler           |    18 |    14 ||    32
